 Dungeon Sprint DCSS version 0.30.1-11-g7821555f0a (webtiles) character file.

Game seed: 16180733207638458200

1500 Groucho the Thaumaturge (level 8, -5/46 HPs)
             Began as a Deep Elf Earth Elementalist on Jan 8, 2024.
             Was a Priest of Sif Muna.
             Slain by a two-headed ogre
             ... wielding a +0 giant spiked club
              (32 damage)
             ... in the Dungeon (Sprint III: "The Ten Rune Challenge").
             The game lasted 00:04:48 (1629 turns).

Groucho the Thaumaturge (DEEE)                      Turns: 1629, Time: 00:04:48

Health: -5/46      AC:  8    Str:  5    XL:     8   Next: 52%
Magic:  1/24       EV: 13    Int: 23    God:    Sif Muna [***...]
Gold:   33         SH:  0    Dex: 15    Spells: 24/28 levels left

rFire   . . .        o - +2 dagger (protect)
rCold   . . .        (no shield)
rNeg    + . .        i - +1 robe {rN+}
rPois   .            (no helmet)
rElec   .            a - +0 cloak
rCorr   .            (no gloves)
SInv    .            (no boots)
Will    .....        (no amulet)
Stlth   +++          h - +4 ring of protection
HPRegen 0.27/turn    (no ring)
MPRegen 0.19/turn

%: no teleportation
@: no status effects
A: no striking features
a: Renounce Religion, Channel Magic, Forget Spell


You were in the Dungeon.
You worshipped Sif Muna.
Sif Muna was most pleased with you.
You visited 1 branch You collected 33 gold pieces.

Inventory:

Hand Weapons
 o - a +2 dagger of protection (weapon)
Armour
 a - a +0 cloak (worn)
 i - a +1 robe of positive energy (worn)
Jewellery
 h - a +4 ring of protection (left hand)
Wands
 j - a wand of polymorph (9)
 q - a wand of charming (11)
Scrolls
 g - a scroll of blinking
 k - 3 scrolls of poison {unknown}
 m - a scroll of identify {unknown}
Potions
 b - 3 potions of magic
 c - 2 potions of curing
 e - a potion of haste
 f - a potion of berserk rage
 l - 2 potions of flight {unknown}
 n - 6 potions of mutation
 p - a potion of might


   Skills:
 - Level 3.0 Fighting
 - Level 5.0 Short Blades
 + Level 2.2 Armour
 + Level 4.3 Dodging
 - Level 7.0 Stealth
 + Level 10.8 Spellcasting
 + Level 7.7 Conjurations
 + Level 7.0 Transmutations
 + Level 10.7 Earth Magic
 + Level 6.9 Invocations


You had 24 spell levels left.
You knew the following spells:

 Your Spells              Type           Power      Damage    Failure   Level
a - Sandblast             Erth           100%       2d20      1%          1
b - Stone Arrow           Conj/Erth      100%       3d13      1%          3

Your spell library contained the following spells:

 Spells                   Type           Power      Damage    Failure   Level
 Kiss of Death            Conj/Necr      100%       2d13      1%          1
 Passwall                 Tmut/Erth      43%        N/A       1%          2
 Petrify                  Tmut/Erth      52%        N/A       1%          4
 Confusing Touch          Hex            12%        N/A       16%         3
 Summon Guardian Golem    Hex/Summ       12%        N/A       16%         3
 Dispel Undead            Necr           12%        3d9       45%         4
 Orb of Destruction       Conj           23%        9d8       88%         7
 Spellforged Servitor     Conj/Summ      15%        N/A       100%        7


Dungeon Overview and Level Annotations

Branches:
Dungeon (1/1)

Altars:
Cheibriados
Dithmenos
Elyvilon
Fedhas
Gozag
Hepliaklqana
Kikubaaqudgha
Makhleb
Nemelex Xobeh
Okawaru
Qazlal
Ru
Sif Muna
Trog
Uskayaw
Vehumet
Wu Jian
Xom
Yredelemnul
Zin
The Shining One
Jiyva
Lugonu


Message History

a +0 giant club; a +0 giant club; a two-headed ogre corpse A two-headed ogre comes into view.
It is wielding a +0 giant spiked club and a +0 giant club.
Aiming: Stone Arrow (safe; 1% risk of failure)
Press: ? - help, Q - select action, (/) - cycle Shift-Dir - straight line, f - two-headed ogre
Aim: a two-headed ogre, wielding a +0 giant spiked club and a +0 giant club (asleep, 100% to hit)
The stone arrow hits the two-headed ogre!
The two-headed ogre is lightly wounded.
Unknown command.
You fail to use your ability.
Aiming: Stone Arrow (safe; 1% risk of failure)
Press: ? - help, Q - select action, (/) - cycle Shift-Dir - straight line, f/p - two-headed ogre
Aim: a two-headed ogre, wielding a +0 giant spiked club and a +0 giant club (lightly wounded, 89% to hit)
The stone arrow hits the two-headed ogre!
The two-headed ogre is moderately wounded.
The two-headed ogre misses you.
The two-headed ogre hits you with a +0 giant club!!
Unknown command.
Unknown command.
Aiming: Stone Arrow (safe; 1% risk of failure)
Press: ? - help, Q - select action, (/) - cycle Shift-Dir - straight line, f/p - two-headed ogre
Aim: a two-headed ogre, wielding a +0 giant spiked club and a +0 giant club (moderately wounded, 89% to hit)
The stone arrow hits the two-headed ogre!
The two-headed ogre is severely wounded.
Unknown command.
Unknown command.
Aiming: Stone Arrow (safe; 1% risk of failure)
Press: ? - help, Q - select action, (/) - cycle Shift-Dir - straight line, f/p - two-headed ogre
Aim: a two-headed ogre, wielding a +0 giant spiked club and a +0 giant club (severely wounded, 89% to hit)
The stone arrow hits the two-headed ogre!!
The two-headed ogre is almost dead.
The two-headed ogre hits you with a +0 giant spiked club!!
* * * LOW HITPOINT WARNING * * *
The two-headed ogre closely misses you.
Unknown command.
Unknown command.
Unknown command.
You feel much better.
The two-headed ogre hits you with a +0 giant spiked club!!
Ouch! That really hurt!
You die...

#)###)## .).....#
.......# ######'#
#__#...#+###########
#__#...#....#.#.#..
#__#...##.#).#.# .#
#__#...'##.#.#.##O#
#__'...#.).#..#.@#
▓▓▓▓▓▓▓▓▓▓▓▓▓▓▓▓▓▓


You could see a two-headed ogre.

Vanquished Creatures
  A deep elf pyromancer (D)
  A shadow (D)
  A spatial vortex (D)
  3 two-headed ogres (D)
  A necrophage (D)
  A water elemental (D)
  Crazy Yiuf (D)
  A jelly (D)
  Jessica (D)
  A wizard (D)
  A necromancer (D)
  3 humans (D)
  A kobold demonologist (D)
  3 rats (D)
20 creatures vanquished.

Notes
Turn   | Place    | Note
-------+----------+-------------------------------------------
     0 | D        | Groucho the Deep Elf Earth Elementalist began the quest for
                  | the Orb.
     0 | D        | Reached XP level 1. HP: 10/10 MP: 6/6
   318 | D        | Noticed Jessica
   321 | D        | Killed Jessica
   322 | D        | Reached skill level 5 in Spellcasting
   322 | D        | Reached XP level 2. HP: 15/15 MP: 5/10
   376 | D        | Reached XP level 3. HP: 16/19 MP: 5/12
   596 | D        | Noticed Crazy Yiuf
   600 | D        | Killed Crazy Yiuf
   601 | D        | Reached XP level 4. HP: 24/24 MP: 11/14
   682 | D        | Noticed a water elemental
   695 | D        | Killed a water elemental
   696 | D        | Reached skill level 1 in Fighting
   696 | D        | Reached skill level 1 in Short Blades
   696 | D        | Reached skill level 1 in Conjurations
   696 | D        | Reached skill level 1 in Invocations
   696 | D        | Reached XP level 5. HP: 29/29 MP: 12/16
   955 | D        | Found a radiant altar of Vehumet.
   958 | D        | Found a shimmering blue altar of Sif Muna.
   963 | D        | Found an ancient bone altar of Kikubaaqudgha.
   974 | D        | Became a worshipper of Sif Muna the Loreminder
   991 | D        | Learned a level 3 spell: Stone Arrow
   991 | D        | Found a shadowy altar of Dithmenos.
   995 | D        | Reached XP level 6. HP: 36/36 MP: 8/19
   995 | D        | Found a basalt altar of Yredelemnul.
   995 | D        | Found a sacrificial altar of Ru.
  1166 | D        | Found a hide-covered altar of Uskayaw.
  1166 | D        | Found an iron altar of Okawaru.
  1168 | D        | Found a bloodstained altar of Trog.
  1169 | D        | Found an ornate altar of the Wu Jian Council.
  1169 | D        | Noticed a human
  1171 | D        | Noticed a human
  1172 | D        | Killed a human
  1172 | D        | Reached * piety under Sif Muna
  1173 | D        | Reached skill level 5 in Stealth
  1174 | D        | Killed a human
  1175 | D        | Reached skill level 5 in Transmutations
  1175 | D        | Reached XP level 7. HP: 41/41 MP: 4/21
  1433 | D        | Found a glowing silver altar of Zin.
  1434 | D        | Found a glowing golden altar of the Shining One.
  1434 | D        | Found a white marble altar of Elyvilon.
  1435 | D        | Noticed a deep elf pyromancer
  1437 | D        | Killed a deep elf pyromancer
  1438 | D        | Reached skill level 5 in Short Blades
  1438 | D        | Reached skill level 10 in Spellcasting
  1438 | D        | Reached skill level 10 in Earth Magic
  1581 | D        | Noticed a shadow
  1583 | D        | Killed a shadow
  1583 | D        | Reached ** piety under Sif Muna
  1584 | D        | Reached skill level 1 in Armour
  1584 | D        | Reached XP level 8. HP: 46/46 MP: 24/24
  1589 | D        | Found a blossoming altar of Fedhas.
  1589 | D        | Found a stormy altar of Qazlal.
  1590 | D        | Found a snail-covered altar of Cheibriados.
  1590 | D        | Found a burning altar of Makhleb.
  1590 | D        | Found a hazy altar of Hepliaklqana.
  1590 | D        | Found a shimmering altar of Xom.
  1590 | D        | Found an opulent altar of Gozag.
  1590 | D        | Found a sparkling altar of Nemelex Xobeh.
  1590 | D        | Found a corrupted altar of Lugonu.
  1590 | D        | Found a viscous altar of Jiyva.
  1610 | D        | Reached *** piety under Sif Muna
  1623 | D        | Noticed a two-headed ogre
  1628 | D        | HP: 1/46 [two-headed ogre/+0 giant spiked club (19)]
  1629 | D        | Slain by a two-headed ogre

Illustrated notes

Levels and vault maps discovered:
D:        dungeon_sprint_mu [sprint_mu_entry_forest, sprint_mu_temple_rooms,
          sprint_mu_d1_spiders, sprint_mu_d2_genie, sprint_mu_d3_branching,
          sprint_mu_orc_legion, sprint_mu_elf_gauntlet, sprint_mu_hive_nellie,
          sprint_mu_lair_fedhas, sprint_mu_vaults_butterflies,
          sprint_mu_slime_circle, sprint_mu_shoals_kraken,
          sprint_mu_snake_twists, sprint_mu_blade_basic, sprint_mu_crypt_lich,
          sprint_mu_tomb_spiral, sprint_mu_vestibule_basic,
          sprint_mu_gehenna_hellfire, sprint_mu_dis_giant,
          sprint_mu_tartarus_statrot, sprint_mu_cocytus_islands, sprint_mu_zot1]

Skill      XL: |  1  2  3  4  5  6  7  8 |
---------------+-------------------------+-----
Earth Magic    | 6 7 8 9 10 | 10.7
Spellcasting   | 5 6 7 8 9 10 | 10.8
Fighting       | 1 2 3 |  3.0
Short Blades   | 1 3 4 5 |  5.0
Stealth        | 3 4 6 7 |  7.0
Conjurations   | 1 3 4 7 |  7.7
Transmutations | 2 3 5 6 7 |  7.0
Invocations    | 1 3 4 6 |  6.9
Armour         | 1 2 |  2.2
Dodging        | 3 4 |  4.3

Action                     |  1- 3 |  4- 6 |  7- 9 || total
---------------------------+-------+-------+-------++-------
  Melee: Dagger            |       |       |     2 ||     2
   Cast: Sandblast         |    12 |     5 |       ||    17
         Stone Arrow       |       |     8 |    16 ||    24
 Invoke: Channel Magic     |       |       |     1 ||     1
    Use: Potion            |       |       |     1 ||     1
   Stab: Sleeping          |       |       |     2 ||     2
  Dodge: Dodged            |     2 |       |     4 ||     6
